 Dungeon Crawl Stone Soup version 0.21.1-1-g345015f (webtiles) character file.

25 Hasart the Magician (level 3, -4/19 HPs)
             Began as a Kobold Wizard on Apr 1, 2018.
             Slain by a gnoll
             ... wielding a +1 antimagic halberd
              (12 damage)
             ... on level 2 of the Dungeon.
             The game lasted 00:04:19 (1467 turns).

Hasart the Magician (Kobold Wizard)                 Turns: 1467, Time: 00:04:20

Health: -4/19      AC:  3    Str:  4    XL:     3   Next: 20%
Magic:  2/8        EV: 18    Int: 20    God:
Gold:   89         SH:  0    Dex: 13    Spells: 4/9 levels left

rFire    . . .     SeeInvis .   h - +0 dagger
rCold    . . .     Gourm    .   (shield restricted)
rNeg     . . .     Faith    .   a - +0 robe
rPois    .         Spirit   .   b - +0 hat
rElec    .         Reflect  .   (no cloak)
rCorr    .         Harm     .   j - +0 pair of gloves
MR       .....                  (no boots)
Stlth    ++........             (no amulet)
HPRegen  0.06/turn              f - +4 ring of evasion
MPRegen  0.11/turn              (no ring)

@: heavily drained
A: small, carnivore
a: no special abilities


You were on level 2 of the Dungeon.
You were very full.

You visited 1 branch of the dungeon, and saw 2 of its levels.

You collected 89 gold pieces.

Inventory:

Hand Weapons
 h - a +0 dagger (weapon)
Armour
 a - a +0 robe (worn)
 b - a +0 hat (worn)
 j - a +0 pair of gloves (worn)
Jewellery
 f - a +4 ring of evasion (left hand)
Scrolls
 e - a scroll of blinking
 g - a scroll of teleportation
 k - a scroll of remove curse
Books
 c - a book of Minor Magic

   Spells                             Type                      Level
   a - Magic Dart                     Conjuration                  1
   b - Blink                          Translocation                2
   c - Call Imp                       Summoning                    2
   d - Slow                           Hexes                        2
   e - Conjure Flame                  Conjuration/Fire             3
   f - Mephitic Cloud                 Conjuration/Poison/Air       3
Comestibles
 d - a ration


   Skills:
 + Level 2.8(1.2) Dodging
 - Level 2.8(1.2) Stealth
 + Level 3.7(2.0) Spellcasting
 * Level 1.9(0.3) Conjurations
 - Level 1.0(0.0) Summonings
 - Level 1.0(0.0) Translocations


You had 4 spell levels left.
You knew the following spells:

 Your Spells              Type           Power        Failure   Level  Hunger
a - Magic Dart            Conj           #...         14%         1    #......
b - Blink                 Tloc           N/A          24%         2    ##.....
q - Call Imp              Summ           #.......     24%         2    ##.....


Dungeon Overview and Level Annotations

Branches:
Dungeon (2/15)

Altars:


Innate Abilities, Weirdness & Mutations

You are small and have problems with some larger weapons.
You are carnivorous and can eat meat at any time.


Message History

Orders for allies: a - Attack new target. r - Retreat! s - Stop attacking. g - Guard the area. f - Follow me.
Anything else - Cancel.
Gang up on whom?
Press: ? - help, Dir - move target cursor, f - gnoll
Aim: a gnoll, wielding an antimagic halberd (moderately wounded) Attack!
Your crimson imp hits the gnoll.
Your crimson imp blinks!
Your crimson imp blinks!
Your shadow imp disappears in a puff of smoke!
Your crimson imp blinks!
Your magical contamination has completely faded away.
The gnoll hits you from afar with an antimagic halberd.
You feel your power leaking away.
There is a stone staircase leading up here.
The gnoll hits you from afar with an antimagic halberd!
Ouch! That really hurt!
You die...

####...#'###.#.#...#####.
#.......(.......#####.
#.#.#.#...............
#.#.#.#.....#.........
#.#.#.#...............
###.#....#..##....##....
#...#....#.>.......+....
#...##..##..####..##....
#...#..@.g........#.....
#...######.#.####.......
#.......g......##.......
#...#.........(##.......
#...#..........##.......
#..............##.#'####
#..............##....#
#....................#
###....###.#.####.......


You could see a gnoll.

Vanquished Creatures
  A leopard gecko (D:1)
  A goblin (D:1)
  2 hobgoblins (D:1)
  6 bats
  2 frilled lizards
  A kobold (D:1)
  2 rats (D:1)
15 creatures vanquished.

Vanquished Creatures (collateral kills)
  2 gnolls
2 creatures vanquished.

Grand Total: 17 creatures vanquished

Notes
Turn   | Place    | Note
-------+----------+-------------------------------------------
     0 | D:1      | Hasart the Kobold Wizard began the quest for the Orb.
     0 | D:1      | Reached XP level 1. HP: 10/10 MP: 4/4
   287 | D:1      | Reached XP level 2. HP: 14/15 MP: 2/6
   360 | D:1      | Learned a level 2 spell: Blink
   363 | D:1      | Learned a level 2 spell: Call Imp
  1136 | D:1      | Reached XP level 3. HP: 15/19 MP: 0/8
  1467 | D:2      | Slain by a gnoll

Action                   || total
-------------------------++-------
Melee: Unarmed           ||     5
       Mace              ||    10
       Dagger            ||     7
 Cast: Magic Dart        ||    23
       Call Imp          ||    10
  Use: Scroll            ||     5
 Stab: Sleeping          ||     1
  Eat: Chunk             ||     9
Armor: Robe              ||    10
Dodge: Dodged            ||    33
